 Dungeon Crawl Stone Soup version 0.25.1-1-g288607f (webtiles) character file.

Game seed: 10403298030115646488

12075 Jonnyslop the Dealer of Despair (level 11, 0/99 HPs)
             Began as a Deep Dwarf Necromancer on July 31, 2020.
             Was an Elder of Kikubaaqudgha.
             Slain by a two-headed ogre
             ... wielding a +0 giant spiked club
              (17 damage)
             ... on level 12 of the Dungeon on Aug 3, 2020.
             The game lasted 01:03:21 (15343 turns).

Jonnyslop the Dealer of Despair (DDNe)             Turns: 15343, Time: 01:03:22

Health: 0/99       AC:  9    Str: 12    XL:     11   Next: 57%
Magic:  15/21      EV: 17    Int: 19    God:    Kikubaaqudgha [****..]
Gold:   394        SH:  0    Dex: 13    Spells: 3/25 levels left

rFire    . . .     SeeInvis +   y - +1 halberd (venom)
rCold    + . .     Gourm    .   (shield currently unavailable)
rNeg     . . .     Faith    .   M - +2 robe {rC+}
rPois    .         Spirit   .   (no helmet)
rElec    .         Reflect  .   (no cloak)
rCorr    .         Harm     .   (no gloves)
MR       +....                  p - +0 pair of boots
Stlth    ++........             (no amulet)
HPRegen  0.00/turn              q - +4 ring of protection
MPRegen  0.17/turn              f - ring of see invisible

@: non-regenerating
A: damage resistance, heal wounds, sense surroundings 2, no regeneration
a: Heal Wounds, Receive Corpses, Renounce Religion


You were on level 12 of the Dungeon.
You worshipped Kikubaaqudgha.
Kikubaaqudgha was greatly pleased with you.
You were very hungry.

You visited 2 branches of the dungeon, and saw 13 of its levels.
You also visited: Ossuary.

You collected 484 gold pieces.
You spent 90 gold pieces at shops.

Inventory:

Hand Weapons
 y - a +1 halberd of venom (weapon)
Missiles
 i - 48 poisoned darts (quivered)
 l - 3 curare-tipped darts
Armour
 p - a +0 pair of boots (worn)
 K - the -2 buckler of Plog {rF+ Slay+3 SInv}
   (You acquired it on level 9 of the Dungeon)

   It affects your accuracy and damage with ranged weapons and melee attacks
   (+3).
   It protects you from fire.
   It lets you see invisible.
 M - a +2 robe of cold resistance (worn)
Jewellery
 a - an uncursed ring of poison resistance {unknown}
 f - a ring of see invisible (right hand)
 h - an uncursed ring of stealth
 k - an uncursed ring of magical power
 m - an uncursed ring of magical power
 q - a +4 ring of protection (left hand)
 J - a +4 ring of protection
Wands
 r - a wand of digging (5)
 u - a wand of iceblast (11)
 z - a wand of acid (7)
 C - a wand of polymorph (7)
 H - a wand of flame (26)
 L - a wand of disintegration (8)
Scrolls
 b - 7 scrolls of identify
 d - 5 scrolls of enchant armour
 e - 3 scrolls of fear
 g - a scroll of magic mapping
 n - 2 scrolls of amnesia
 o - 7 scrolls of remove curse
 s - a scroll of blinking
 x - a scroll of enchant weapon
 D - 3 scrolls of teleportation
 G - a scroll of fog
Potions
 j - a potion of lignification
 t - a potion of flight
 v - 2 potions of brilliance
 w - 3 potions of curing
 A - 2 potions of stabbing
 B - 2 potions of might
 E - a potion of haste


   Skills:
 + Level 6.7 Fighting
 - Level 4.0 Polearms
 + Level 8.4 Dodging
 - Level 2.4 Stealth
 + Level 7.9 Spellcasting
 + Level 13.0 Necromancy


You had 3 spell levels left.
You knew the following spells:

 Your Spells              Type           Power        Failure   Level  Hunger
a - Pain                  Necr           ####         1%          1    None
b - Animate Skeleton      Necr           N/A          1%          1    None
c - Vampiric Draining     Necr           ######....   1%          3    None
d - Animate Dead          Necr           N/A          1%          4    ###....
e - Agony                 Necr           ######..     1%          5    #####..
f - Dispel Undead         Necr           ######..     1%          4    ###....
g - Sublimation of Blood  Necr           ######....   1%          2    None
h - Corpse Rot            Necr/Air       N/A          1%          2    None

Your spell library contained the following spells:

 Spells                   Type           Power        Failure   Level  Hunger
 Blink                    Tloc           N/A          14%         2    None
 Shroud of Golubria       Chrm/Tloc      #.....       14%         2    None
 Gell's Gravitas          Tloc           #.........   28%         3    None
 Lesser Beckoning         Tloc           #.........   28%         3    None
 Teleport Other           Tloc           #.......     28%         3    None
 Excruciating Wounds      Chrm/Necr      ####......   19%         5    #####..
 Passage of Golubria      Tloc           N/A          67%         4    ###....
 Simulacrum               Ice/Necr       ####......   69%         6    ######.


Dungeon Overview and Level Annotations

Branches:
Dungeon (12/15)            Temple (1/1) D:5            Lair (0/6) D:10
    Orc (0/2) D:9         Ossuary (visited)

Altars:
Ashenzari
Elyvilon
Fedhas
Kikubaaqudgha
Makhleb
Nemelex Xobeh
Qazlal
Sif Muna
Uskayaw
Vehumet
Wu Jian
Xom
Yredelemnul
Zin

Annotations:
D:2 Terence
D:4 2 transporters, Jonnyslop's ghost, amateur HOFi
D:8 3 runed translucent doors, cpf86's ghost, novice GnWn; kim's ghost, novice GnSk


Innate Abilities, Weirdness & Mutations

You are resistant to damage.
You can heal yourself by infusing magical energy.
You passively map the area around you.
You do not regenerate.


Message History

Aiming: Vampiric Draining (safe; 1% risk of failure)
Press: ? - help, Shift-Dir - straight line, f - two-headed ogre
Aim: a two-headed ogre, wielding a +0 giant spiked club and a -1 dire flail The two-headed ogre is moderately wounded.
You feel life coursing into your body.
The two-headed ogre hits you with a +0 giant spiked club!
* * * LOW HITPOINT WARNING * * *
The two-headed ogre hits you with a cursed -1 dire flail!
* * * LOW HITPOINT WARNING * * *
Casting: Vampiric Draining (safe; 1% risk of failure)
Confirm with . or Enter, or press ? or * to list all spells.
Aiming: Vampiric Draining (safe; 1% risk of failure)
Press: ? - help, Shift-Dir - straight line, f/p - two-headed ogre
Aim: a two-headed ogre, wielding a +0 giant spiked club and a -1 dire flail (moderately wounded)
The two-headed ogre is moderately wounded.
You feel life coursing into your body.
The two-headed ogre hits you but does no damage.
The two-headed ogre hits you with a cursed -1 dire flail!!
You die...
Kikubaaqudgha rasps: "You have failed me!
Welcome... death!"

##.#..............##
#.##......#.....##
#.###.###.#######
#..##.##..#
##..#....# * ** * *
#.##..## , #.....# *
* , , ,, * #..##.#
*, * ,,, , #@.#
.#*** * * * ** #O##
.. , ** *, , , ...
... , * #..?. .##* *
* , * , , ...##... ,
, * , *##..# ## * ,
#... , ,,**, * #.##*
** ,, * , *


You could see a two-headed ogre.

Vanquished Creatures
  A hydra (D:10)
  2 two-headed ogres
  An unseen horror (D:12)
  An ugly thing (D:10)
  A manticore (D:12)
  Psyche (D:11)
  2 trolls (D:11)
  A hornet (D:8)
  A hippogriff (D:9)
  Sigmund (D:3)
  3 wyverns
  A hungry ghost (D:10)
  2 vampire mosquitoes (D:12)
  2 wargs (D:10)
  A swamp worm (D:7)
  3 orc warriors
  An ice beast (D:8)
  5 phantoms
  An eye of draining (D:10)
  4 ogres
  5 sky beasts
  3 crocodiles
  2 centaurs
  3 bullfrogs
  A gnoll sergeant (D:7)
  A water moccasin zombie (D:9)
  12 scorpions
  4 wights (D:11)
  4 howler monkeys
  4 crimson imps
  A quasit (D:7)
  4 centaur zombies
  3 jellies
  A bullfrog zombie (D:10)
  A human zombie (Ossuary)
  7 orc priests
  3 centaur skeletons
  7 hounds
  3 bullfrog skeletons
  6 iguanas
  11 orc wizards
  Natasha (twice) (D:3)
  8 worker ants
  2 big kobold zombies (Ossuary)
  2 mummies (Ossuary)
  10 gnolls
  A worker ant zombie (D:5)
  2 scorpion zombies (Ossuary)
  8 adders
  4 oozes
  3 worms
  A dart slug (D:5)
  5 leopard geckos
  34 orcs
  A giant cockroach (D:4)
  2 gnoll zombies (Ossuary)
  9 goblins
  6 hobgoblins
  2 jackals (D:10)
  5 quokkas
  3 ball pythons
  5 bats
  7 frilled lizards
  A goblin zombie (Ossuary)
  2 hobgoblin zombies (Ossuary)
  A jackal skeleton (D:5)
  5 kobolds
  A leopard gecko skeleton (D:4)
  2 orc zombies (Ossuary)
  A quokka skeleton (D:4)
  A quokka zombie (D:9)
  9 rats
266 creatures vanquished.

Vanquished Creatures (collateral kills)
  A centaur zombie (D:11)
  A troll (D:11)
  A warg (D:10)
  A swamp worm (D:7)
  A necrophage (D:9)
  A bullfrog (D:10)
  A crimson imp (D:10)
  2 jellies
  An orc priest (D:8)
  An orc wizard (D:4)
  Natasha (D:3)
  A mummy (Ossuary)
  A worker ant zombie (D:11)
  A howler monkey skeleton (D:10)
  A scorpion zombie (Ossuary)
  An adder skeleton (D:4)
  7 orcs
  A giant cockroach (D:4)
  A gnoll zombie (Ossuary)
  A jackal (D:10)
  A ball python skeleton (D:4)
  A bat (D:2)
  A goblin zombie (Ossuary)
  A hobgoblin zombie (Ossuary)
  A kobold zombie (Ossuary)
  A leopard gecko skeleton (D:4)
33 creatures vanquished.

Vanquished Creatures (others)
  2 plants (D:7)
2 creatures vanquished.

Grand Total: 301 creatures vanquished

Notes
Turn   | Place    | Note
-------+----------+-------------------------------------------
     0 | D:1      | Jonnyslop the Deep Dwarf Necromancer began the quest for
                  | the Orb.
     0 | D:1      | Reached XP level 1. HP: 15/15 MP: 3/3
   106 | D:1      | Learned a level 1 spell: Animate Skeleton
   308 | D:1      | Reached XP level 2. HP: 16/22 MP: 0/5
   599 | D:1      | You fall into a shaft and drop 1 floor!
  1224 | D:2      | Noticed Terence
  1269 | D:2      | Reached XP level 3. HP: 5/28 MP: 0/7
  1393 | D:2      | Learned a level 3 spell: Vampiric Draining
  1967 | D:2      | Reached skill level 5 in Necromancy
  2285 | D:2      | Reached XP level 4. HP: 11/36 MP: 1/8
  2884 | D:3      | Noticed Sigmund
  2987 | D:3      | Killed Sigmund
  2987 | D:3      | Reached skill level 6 in Necromancy
  2987 | D:3      | Reached XP level 5. HP: 18/42 MP: 1/9
  3081 | D:3      | Found a blossoming altar of Fedhas.
  3173 | D:3      | Found Zin's Purification Station.
  3175 | D:3      | Found a glowing silver altar of Zin.
  3181 | D:3      | Bought a potion of curing for 90 gold pieces
  3337 | D:3      | Noticed Natasha
  3344 | D:3      | Killed Natasha
  3344 | D:3      | Reached XP level 6. HP: 30/49 MP: 3/10
  3501 | D:3      | Noticed Natasha
  3518 | D:3      | Killed Natasha
  3617 | D:3      | Noticed Natasha
  3626 | D:3      | Killed Natasha
  3752 | D:3      | Reached skill level 7 in Necromancy
  4181 | D:4      | Learned a level 4 spell: Animate Dead
  4468 | D:4      | Noticed Jonnyslop's ghost (amateur HOFi)
  4505 | D:4      | Found a transporter.
  4525 | D:4      | Reached XP level 7. HP: 32/55 MP: 12/12
  4744 | D:4      | Reached skill level 8 in Necromancy
  4873 | D:4      | Found a stormy altar of Qazlal.
  5288 | D:4      | Found a white marble altar of Elyvilon.
  5372 | D:4      | Found a transporter.
  5737 | D:5      | Entered Level 5 of the Dungeon
  5859 | D:5      | Found an ornate altar of the Wu Jian Council.
  6209 | D:5      | Found a staircase to the Ecumenical Temple.
  6241 | Temple   | Entered the Ecumenical Temple
  6247 | Temple   | Became a worshipper of Kikubaaqudgha
  6574 | D:6      | Found a burning altar of Makhleb.
  6574 | D:6      | Found a shimmering altar of Xom.
  6656 | D:6      | Reached skill level 9 in Necromancy
  6723 | D:6      | Reached XP level 8. HP: 29/63 MP: 7/14
  6834 | D:6      | Reached skill level 1 in Fighting
  7063 | D:6      | Reached skill level 5 in Spellcasting
  8672 | D:7      | Reached skill level 10 in Necromancy
  9216 | D:8      | Found a sand-covered staircase.
  9249 | D:8      | Reached * piety under Kikubaaqudgha
  9249 | D:8      | Identified Kikubaaqudgha's Grimoire of Unholy Arts
                  | (Kikubaaqudgha gifted it to you on level 8 of the Dungeon)
  9249 | D:8      | Received a gift from Kikubaaqudgha
  9270 | D:8      | Gained mutation: You passively map the area around you.
                  | [Deep Dwarf growth]
  9270 | D:8      | Reached XP level 9. HP: 53/74 MP: 16/16
  9277 | D:8      | Found a flagged portal.
  9283 | Ossuary  | Entered an ossuary
  9662 | Ossuary  | Reached ** piety under Kikubaaqudgha
  9819 | Ossuary  | Reached skill level 5 in Dodging
  9977 | D:8      | Learned a level 5 spell: Agony
 10132 | D:8      | Found a runed translucent gate.
 10132 | D:8      | Found a runed translucent gate.
 10132 | D:8      | Found a runed translucent gate.
 10136 | D:8      | Noticed cpf86's ghost (novice GnWn)
 10136 | D:8      | Noticed kim's ghost (novice GnSk)
 10180 | D:8      | Reached skill level 11 in Necromancy
 10235 | D:8      | Found a shimmering blue altar of Sif Muna.
 10726 | D:8      | Paralysed by a hornet for 1 turns
 11044 | D:9      | Found a staircase to the Orcish Mines.
 11291 | D:9      | Reached XP level 10. HP: 66/87 MP: 14/18
 11498 | D:9      | Identified a scroll of acquirement
 11498 | D:9      | Acquired the -2 buckler of Plog {rF+ Slay+3 SInv}
 11635 | D:9      | Found a basalt altar of Yredelemnul.
 11871 | D:9      | Acquired a book of Spatial Translocations
 11938 | D:9      | Reached *** piety under Kikubaaqudgha
 11938 | D:9      | Identified Kikubaaqudgha's Catalogue of Stolen Souls
                  | (Kikubaaqudgha gifted it to you on level 9 of the Dungeon)
 11938 | D:9      | Received a gift from Kikubaaqudgha
 11938 | D:9      | Reached skill level 12 in Necromancy
 11999 | D:9      | Learned a level 4 spell: Dispel Undead
 12002 | D:9      | Learned a level 2 spell: Sublimation of Blood
 12005 | D:9      | Learned a level 2 spell: Corpse Rot
 12201 | D:10     | Entered Level 10 of the Dungeon
 12315 | D:9      | Reached skill level 5 in Fighting
 12380 | D:10     | Reached skill level 1 in Polearms
 12564 | D:10     | Found a staircase to the Lair.
 13172 | D:10     | Reached **** piety under Kikubaaqudgha
 13565 | D:11     | Noticed a four-headed hydra
 13579 | D:10     | Killed a four-headed hydra
 13643 | D:11     | Noticed Psyche
 13647 | D:10     | Reached XP level 11. HP: 39/97 MP: 7/21
 13767 | D:11     | Killed Psyche
 13910 | D:11     | Noticed a two-headed ogre
 13918 | D:11     | Noticed a cyan ugly thing
 13941 | D:10     | Killed a cyan ugly thing
 14031 | D:10     | Killed a two-headed ogre
 14506 | D:11     | Found a hide-covered altar of Uskayaw.
 14767 | D:11     | Noticed a two-headed ogre
 14918 | D:12     | Noticed a two-headed ogre
 14927 | D:11     | Killed a two-headed ogre
 14999 | D:12     | Noticed an unseen horror
 15008 | D:12     | Killed an unseen horror
 15186 | D:12     | Reached skill level 13 in Necromancy
 15334 | D:12     | Noticed a two-headed ogre
 15343 | D:12     | Slain by a two-headed ogre

Illustrated notes

Levels and vault maps discovered:
D:1:      wander_arrival_lonely_grave, layout_rooms, serial_park_tiny_pond,
          nrook_loot_triangle, minmay_misc_feat_more_columns,
          minmay_misc_feat_diagonals, minmay_heptomino_o4
D:2:      minmay_diamond_boxcup, layout_basic, uniq_terence
D:3:      layout_loops_ring, zin_purify, first_ration, fedhas_altar_1,
          uniq_sigmund, uniq_natasha
D:4:      layout_cave_pods, overflow_temple_1_default,
          gammafunk_ghost_mausoleum, minmay_misc_feat_ornament,
          chequers_serial_rivers_micro_b, grunt_qazlal_sundering
D:5:      layout_basic, lemuel_round_altar,
          minmay_temple_entry_drinking_statues, kennysheep_generic_room_14
D:6:      layout_basic, grunt_temple_overflow_champion_of_chaos
D:7:      layout_basic, worms_lemuel
D:8:      layout_rooms, led_sif_pool, enter_bailey_1,
          nicolae_ossuary_entry_false_entrances, gammafunk_ghost_cemetery
D:9:      layout_loops_cross, david_orc_2, basic_altar
D:10:     layout_basic, erik_lair_orcish_takeover
D:11:     layout_rooms, basic_altar, uniq_psyche
D:12:     layout_rooms, enter_trove_6, grunt_ogre_cave, uniq_nessos
Temple:   eino_temple_rhombus

Skill      XL: |  1  2  3  4  5  6  7  8  9 10 11 |
---------------+----------------------------------+-----
Spellcasting   | 2 3 4 5 6 7 |  7.9
Necromancy     | 5 6 7 9 10 11 12 13 | 13.0
Fighting       | 2 4 5 6 |  6.7
Dodging        | 4 6 7 8 |  8.4
Polearms       | 2 4 |  4.0
Stealth        | |  2.4

Action                   |  1- 3 |  4- 6 |  7- 9 | 10-12 || total
-------------------------+-------+-------+-------+-------++-------
Melee: Unarmed           |     5 |       |       |       ||     5
       Spear             |    17 |    38 |   219 |       ||   274
       Halberd           |       |       |   206 |   209 ||   415
Throw: Dart              |       |     3 |     4 |     1 ||     8
 Cast: Pain              |    57 |    13 |    29 |     1 ||   100
       Animate Skeleton  |    11 |     9 |    15 |     5 ||    40
       Vampiric Draining |    11 |    42 |   152 |   120 ||   325
       Animate Dead      |       |     2 |    18 |    20 ||    40
       Dispel Undead     |       |       |       |    10 ||    10
 Abil: Heal Wounds       |       |     2 |     3 |       ||     5
  Use: Scroll            |     3 |       |    15 |     6 ||    24
       Potion            |       |     2 |     6 |     2 ||    10
 Stab: Sleeping          |       |       |     7 |     2 ||     9
       Distracted        |       |       |     1 |       ||     1
  Eat: Chunk             |     6 |     8 |    19 |    11 ||    44
       Ration            |       |     1 |     4 |     8 ||    13
Armor: Robe              |    11 |    11 |   150 |   113 ||   285
Dodge: Dodged            |    27 |    61 |   405 |   283 ||   776
